 Dungeon Crawl Stone Soup version 0.30.1-4-g462c640d31 (webtiles) character file.

Game seed: 2578836608245089540

7 croobank the Ducker (level 1, 0/14 HPs)
             Began as a Minotaur Fire Elementalist on Sept 15, 2023.
             Slain by a gnoll
             ... wielding a +0 whip
              (6 damage)
             ... on level 1 of the Dungeon.
             The game lasted 00:01:36 (89 turns).

croobank the Ducker (Minotaur Fire Elementalist)      Turns: 89, Time: 00:01:37

Health: 0/14       AC:  2    Str: 12    XL:     1   Next: 91%
Magic:  0/2        EV: 12    Int: 12    God:
Gold:   23         SH:  0    Dex: 10    Spells: 2/3 levels left

rFire   . . .        (no weapon)
rCold   . . .        (no shield)
rNeg    . . .        a - +0 robe
rPois   .            (helmet restricted)
rElec   .            (no cloak)
rCorr   .            (no gloves)
SInv    .            (no boots)
Will    .....        (no amulet)
Stlth   ++           (no ring)
HPRegen 0.22/turn    (no ring)
MPRegen 0.08/turn

%: no passive effects
@: no status effects
A: horns 2, retaliatory headbutt
a: no special abilities


You were on level 1 of the Dungeon.
You visited 1 branch of the dungeon, and saw 1 of its levels.

You collected 23 gold pieces.

Inventory:

Armour
 a - a +0 robe (worn)
Jewellery
 c - a ring of willpower


   Skills:
 + Level 2.3 Dodging
 + Level 1.7 Stealth
 + Level 1.5 Spellcasting
 + Level 0.8 Conjurations
 + Level 2.2 Fire Magic


You had 2 spell levels left.
You knew the following spells:

 Your Spells              Type           Power      Damage    Failure   Level
a - Foxfire               Conj/Fire      16%        2x1d4     16%         1

Your spell library contained the following spells:

 Spells                   Type           Power      Damage    Failure   Level
 Scorch                   Fire           12%        2d5       17%         2
 Inner Flame              Hex/Fire       3%         N/A       47%         3
 Volatile Blastmotes      Fire/Tloc      6%         2d10      47%         3
 Flame Wave               Conj/Fire      4%         2d5       83%         4


Dungeon Overview and Level Annotations

Branches:
Dungeon (1/15)

Altars:


Innate Abilities, Weirdness & Mutations

You have a pair of horns on your head.
You reflexively headbutt those who attack you in melee.


Message History

The foxfire hits the giant cockroach but does no damage.
You hit the giant cockroach.
The giant cockroach is heavily wounded.
The gnoll shouts!
The giant cockroach bites you.
* * * LOW HITPOINT WARNING * * *
The giant cockroach closely misses you. Magic courses through your body.
The giant cockroach bites you but does no damage.
Casting: Foxfire (safe; 16% risk of failure)
Confirm with . or Enter, or press ? or * to list all spells.
You conjure some foxfire!
The giant cockroach barely misses you. The gnoll barely misses you.
You hit the gnoll but do no damage.
The foxfire hits the giant cockroach.
You kill the giant cockroach!
The foxfire hits the gnoll.
The gnoll is moderately wounded.
The gnoll barely misses you.
It was a potion of heal wounds.
You feel much better. The gnoll barely misses you.
You hit the gnoll but do no damage.
The gnoll is moderately wounded.
The gnoll barely misses you.
You hit the gnoll.
The gnoll is moderately wounded.
The gnoll misses you.
You hit the gnoll but do no damage. You headbutt the gnoll.
The gnoll is heavily wounded.
The gnoll hits you with a +0 whip!
Ouch! That really hurt!
You hit the gnoll. Your headbutt misses the gnoll.
The gnoll is severely wounded.
The gnoll hits you but does no damage.
Casting: Foxfire (safe; 16% risk of failure)
Confirm with . or Enter, or press ? or * to list all spells.
You don't have enough magic to cast this spell.
You hit the gnoll but do no damage.
The gnoll is severely wounded.
The gnoll hits you with a +0 whip.
You die...

## .# .# .# ###g#
#.@.# #†#.[....#
#########†###.....
#...........# ##..
#...........# .
#...#..#§.#.#
#.......§≈..+
#<......§.8.#
#.....§..≈..+


You could see a gnoll.

Vanquished Creatures
  An endoplasm (D:1)
  A giant cockroach (D:1)
  3 jackals (D:1)
  A ball python (D:1)
6 creatures vanquished.

Vanquished Creatures (others)
  4 foxfires (D:1)
4 creatures vanquished.

Grand Total: 10 creatures vanquished

Notes
Turn   | Place    | Note
-------+----------+-------------------------------------------
     0 | D:1      | croobank the Minotaur Fire Elementalist began the quest for
                  | the Orb.
     0 | D:1      | Reached XP level 1. HP: 14/14 MP: 1/1
    89 | D:1      | Slain by a gnoll

Illustrated notes

Levels and vault maps discovered:
D:1:      shiori_arrival_oz, layout_basic

Action                     || total
---------------------------++-------
  Melee: Unarmed           ||    30
         Headbutt          ||     3
   Cast: Foxfire           ||     3
    Use: Potion            ||     2
 Armour: Robe              ||     8
  Dodge: Dodged            ||    43
